[Event "*** Titled Tuesday Blitz"]
[Site "Chess.com"]
[Date "2018.08.07"]
[Round "4"]
[White "norwaytoadog"]
[Black "GMCanty"]
[Result "0-1"]
[WhiteElo "2130"]
[BlackElo "2251"]
[TimeControl "180+2"]
[EndTime "13:47:10 PDT"]
[Termination "GMCanty won on time"]

1. e4 c5 2. Nf3 g6 3. c3 Bg7 4. d4 cxd4 5. cxd4 d5 6. e5 Bg4 7. Be3 Nc6 8. Nc3 e6 9. Be2 Nge7 10. h3 Bxf3 11. Bxf3 O-O 12. O-O Nf5 13. Qd2 f6 14. exf6 Qxf6 15. Bg4 Nfxd4 16. Bg5 Qf7 17. Rfe1 h5 18.
Bd1 Ne5 19. f4 Nc4 20. Qf2 Nf5 21. Kh1 Bd4 22. Qf3 Nxb2 23. Bb3 Nc4 24. Bxc4 dxc4 25. Rab1 b6 26. Ne4 h4 27. Rbd1 Rac8 28. Qg4 c3 29. Rxd4 Nxd4 30. Nf6+ Kg7 31. Nh5+ gxh5 32. Bf6+ Kh7 33. Qxh4 Nf5 34. Qg5 Rg8 0-1

[Event "*** Titled Tuesday Blitz"]
[Site "Chess.com"]
[Date "2018.08.07"]
[Round "4"]
[White "Perecke"]
[Black "Manukyan_Artak"]
[Result "0-1"]
[WhiteElo "1909"]
[BlackElo "2324"]
[TimeControl "180+2"]
[EndTime "13:47:12 PDT"]
[Termination "Manukyan_Artak won by resignation"]

1. e4 c5 2. Nf3 a6 3. c4 Nc6 4. d4 cxd4 5. Nxd4 g6 6. Nc3 Bg7 7. Be3 d6 8. Be2 Nf6 9. O-O O-O 10. Rc1 h5 11. f4 Ng4 12. Nxc6 Nxe3 13. Nxd8 Nxd1 14.
Rfxd1 Rxd8 15. Nd5 Kf8 16. e5 Be6 17. Nb6 Rab8 18.
exd6 Rxd6 19. Rxd6 exd6 20. Rd1 Ke7 21. b3 Bc3 22.
Bf3 Bb4 23. Kf1 Bc5 24. Nd5+ Kf8 25. b4 Bxd5 26. Bxd5 Bxb4 27. Rb1 a5 28. Rb3 b6 29. f5 Kg7 30. fxg6 fxg6 31. Re3 b5 32. Re7+ Kh6 33.
h4 bxc4 34. Bxc4 Rf8+ 35. Kg1 d5 36. Bxd5 Bxe7 0-1

[Event "*** Titled Tuesday Blitz"]
[Site "Chess.com"]
[Date "2018.08.07"]
[Round "4"]
[White "Last7Samurai"]
[Black "francogreek"]
[Result "1-0"]
[WhiteElo "2608"]
[BlackElo "2419"]
[TimeControl "180+2"]
[EndTime "13:47:13 PDT"]
[Termination "Last7Samurai won by resignation"]

1. d4 Nf6 2. Bf4 g6 3. Nc3 d5 4. e3 Bg7 5. h4 h5 6. Nf3 Bg4 7. Be2 Bxf3 8. Bxf3 c6 9. Qd2 Nbd7 10. O-O-O b5 11.
Kb1 a5 12. Rde1 b4 13. Na4 Qc8 14. e4 dxe4 15. Bxe4 Nxe4 16. Rxe4 Nf6 17. Re2 Nd5 18. Be5 Bxe5 19. Rxe5 O-O 20. f3 f6 21. Ree1 Kg7 22.
Nc5 Qf5 23. g4 Qxf3 24. gxh5 Qxh5 25. Rhg1 Rh8 26. Qg2 Rag8 27. Qh3 Qxh4 28. Qd7 Re8 29. Qxc6 Nf4 30. Qc7 Nd5 31. Qd7 Qh5 32. Ne6+ Kf7 33.
Ng5+ fxg5 34. Qxd5+ Kg7 35. Qe5+ Kf7 36. Ref1+ Kg8 37. Qe6+ Kg7 38. Qf7+ Kh6 39. Rh1 1-0

[Event "*** Titled Tuesday Blitz"]
[Site "Chess.com"]
[Date "2018.08.07"]
[Round "4"]
[White "Haykos"]
[Black "Zaven_ChessMood"]
[Result "0-1"]
[WhiteElo "2517"]
[BlackElo "2886"]
[TimeControl "180+2"]
[EndTime "13:47:14 PDT"]
[Termination "Zaven_ChessMood won by resignation"]

1. e4 c5 2. Nf3 d6 3. Bb5+ Nc6 4. O-O Bd7 5. Re1 a6 6. Bxc6 Bxc6 7. c3 Nf6 8. d4 Bxe4 9. Bg5 Bxb1 10. Rxb1 e6 11. d5 e5 12. b4 c4 13. Bxf6 Qxf6 14. b5 a5 15. Nd2 Be7 16. Nxc4 O-O 17. Qa4 Bd8 18.
b6 Qh4 19. g3 Qg4 20. Qb5 Ra6 21. Nxd6 Rxb6 22. Qc4 Rxb1 23. Rxb1 Qg6 24. Ne4 b6 25. d6 Kh8 26. Rd1 f5 27. Nd2 Qxd6 28. Qe2 Qc5 29.
Nc4 Bf6 30. Rb1 Rb8 31. a4 e4 32. Rb5 Qc6 33. Ne3 g6 34. c4 Bd4 35. Nd5 Qd6 36.
Kg2 Rc8 37. Rb1 h5 38. Rd1 Be5 39. Qe3 Kh7 40. Nxb6 Qxd1 41. Nxc8 h4 42. h3 hxg3 43. fxg3 Bd4 44. Qf4 0-1

[Event "*** Titled Tuesday Blitz"]
[Site "Chess.com"]
[Date "2018.08.07"]
[Round "4"]
[White "dretch"]
[Black "Divertissement"]
[Result "1-0"]
[WhiteElo "2762"]
[BlackElo "2564"]
[TimeControl "180+2"]
[EndTime "13:47:15 PDT"]
[Termination "dretch won by resignation"]

1. d4 Nf6 2. c4 g6 3. Nc3 d5 4. e3 c6 5. Nf3 Bg7 6. Be2 O-O 7. O-O e6 8. b3 Nbd7 9. Bb2 Re8 10. Qc2 a6 11. Rad1 Qe7 12. Na4 Ne4 13. Bd3 f5 14. c5 e5 15. Rfe1 Qf6 16. Nxe5 Nxe5 17. dxe5 Qh4 18. f3 Ng5 19. f4 Ne6 20. Nb6 Rb8 21. b4 Kh8 22. Rf1 Rg8 23. a3 Nc7 24. Rf3 Qe7 25. h3 Be6 26. Na4 Rbf8 27. Nc3 g5 28. Ne2 g4 29. hxg4 fxg4 30. Rff1 Qh4 31.
g3 Qh5 32. f5 Bh6 33. Nf4 Bxf4 34. Rxf4 d4 35. e4 Nd5 36. exd5 Bxd5 37. Qh2 Qg5 38. e6 1-0

[Event "*** Titled Tuesday Blitz"]
[Site "Chess.com"]
[Date "2018.08.07"]
[Round "4"]
[White "Parhamov"]
[Black "Abrito99"]
[Result "1-0"]
[WhiteElo "2756"]
[BlackElo "2496"]
[TimeControl "180+2"]
[EndTime "13:47:18 PDT"]
[Termination "Parhamov won by resignation"]

1. e4 c5 2. Nc3 Nc6 3. Nf3 e6 4. d4 cxd4 5. Nxd4 Qc7 6. Be3 a6 7. Qf3 d6 8. O-O-O Bd7 9. h4 h5 10. Qg3 Nf6 11. f3 Rc8 12. Kb1 Ne5 13. Bg5 b5 14. Qf2 b4 15. Nce2 a5 16. Nc1 Qb7 17. Nd3 a4 18. Qd2 Nxd3 19. Bxd3 e5 20. Ne2 Be6 21.
Rc1 Be7 22. c4 Nd7 23. Bxe7 Kxe7 24. f4 Bg4 25. fxe5 dxe5 26. Ng3 Rh6 27. Be2 Rd6 28.
Qg5+ Kf8 29. Bxg4 hxg4 30. Nf5 Rg6 31. Qe7+ Kg8 32. Nd6 Rxd6 33. Qxd6 Qxe4+ 34. Ka1 Nc5 35. Rhe1 Qa8 36. Kb1 e4 37. Rcd1 Nd3 38. Re2 Rxc4 39. Qd7 b3 40. Rxd3 1-0

[Event "*** Titled Tuesday Blitz"]
[Site "Chess.com"]
[Date "2018.08.07"]
[Round "4"]
[White "Hrant_ChessMood"]
[Black "ChrisTool2"]
[Result "1-0"]
[WhiteElo "2995"]
[BlackElo "2255"]
[TimeControl "180+2"]
[EndTime "13:47:19 PDT"]
[Termination "Hrant_ChessMood won by resignation"]

1. d4 Nf6 2. c4 e6 3. Nf3 d5 4.
Nc3 Bb4 5. Bg5 Nbd7 6. cxd5 exd5 7. Qc2 c5 8. g3 Qa5 9. Bg2 O-O 10. O-O Bxc3 11.
bxc3 Ne4 12. Rfc1 c4 13. a4 Re8 14. Bf4 Ndf6 15. Ne5 Bf5 16. Qb2 Re7 17. f3 Nd6 18. g4 Bg6 19. Nxg6 hxg6 20. Bxd6 Re6 21. Be5 Rae8 22. Qxb7 R8e7 23. Qb5 Qd8 24. Qb8 Qxb8 25.
Bxb8 Rxe2 26. a5 Nh7 27. h4 Rb2 28. Bg3 Ree2 29. Bf1 Red2 30. Rcb1 Nf6 31. Rxb2 Rxb2 32. a6 Nd7 33. Re1 Kf8 34. Bd6+ Kg8 35. Re8+ Kh7 36. Re7 Nb6 37. Rxa7 Na4 38. Rxf7 Nxc3 39. a7 Ra2 40. Be5 1-0

[Event "*** Titled Tuesday Blitz"]
[Site "Chess.com"]
[Date "2018.08.07"]
[Round "4"]
[White "josiwales"]
[Black "Firouzja2003"]
[Result "0-1"]
[WhiteElo "2520"]
[BlackElo "2833"]
[TimeControl "180+2"]
[EndTime "13:47:33 PDT"]
[Termination "Firouzja2003 won by resignation"]

1. e4 c5 2. Nc3 a6 3. g3 b5 4. Bg2 Bb7 5. d3 e6 6. f4 d5 7. f5 exf5 8. Nxd5 Nf6 9. Bg5 Nbd7 10. Ne2 fxe4 11. dxe4 Bxd5 12. exd5 Bd6 13. O-O O-O 14.
Kh1 h6 15. Bf4 Qb6 16. Qd2 Rfe8 17. Rae1 Rad8 18. b3 Ne4 19. Qd3 c4 20. Qf3 Ndf6 21. Ng1 Bc5 22. Nh3 Rxd5 23. bxc4 bxc4 24. g4 Qd8 25. g5 hxg5 26. Bg3 g4 0-1

[Event "*** Titled Tuesday Blitz"]
[Site "Chess.com"]
[Date "2018.08.07"]
[Round "4"]
[White "Alliswell998"]
[Black "Maxim_e2e4"]
[Result "1-0"]
[WhiteElo "2431"]
[BlackElo "2384"]
[TimeControl "180+2"]
[EndTime "13:47:34 PDT"]
[Termination "Alliswell998 won by resignation"]

1. d4 Nf6 2. Bg5 e6 3. e3 c5 4. c3 cxd4 5. exd4 d5 6. Bd3 Be7 7. Nd2 Qb6 8. Qb3 Qc7 9. f4 Nc6 10. Ngf3 h6 11. Bxf6 Bxf6 12. Ne5 O-O 13. O-O Ne7 14.
g4 g6 15. Rae1 Bg7 16. h4 f5 17. Qd1 Kh7 18. Kh1 b6 19. Rg1 Bb7 20. h5 Bxe5 21. Rxe5 Rf6 22. g5 Rf7 23. hxg6+ Nxg6 24. Qh5 Nxe5 25. fxe5 Rg7 26. Nf3 Rh8 27. Nh4 Bc6 28. Nxf5 exf5 29. Bxf5+ Kg8 30. Be6+ Kf8 31. Rf1+ Ke7 32.
Rf7+ Kxe6 33. Rxc7 Rxc7 34. Qg6+ Kd7 35. Qg7+ Kc8 36.
Qxh8+ Kb7 37. gxh6 1-0

[Event "*** Titled Tuesday Blitz"]
[Site "Chess.com"]
[Date "2018.08.07"]
[Round "4"]
[White "bilelou"]
[Black "krzysztofszczurek"]
[Result "1-0"]
[WhiteElo "2408"]
[BlackElo "2386"]
[TimeControl "180+2"]
[EndTime "13:47:40 PDT"]
[Termination "bilelou won by checkmate"]

1. e4 c5 2. Nc3 a6 3. d4 cxd4 4. Qxd4 Nc6 5. Qd2 d6 6. b3 Nf6 7. Bb2 b5 8. f3 Bb7 9. O-O-O Qc7 10. Kb1 e6 11. h4 Be7 12. g4 O-O-O 13. g5 Nd7 14. Nge2 h6 15. g6 fxg6 16. Nf4 Nf8 17. Bh3 Qd7 18. Ncd5 Kb8 19. Bxg7 Rh7 20. Bxf8 Rxf8 21.
Nxe6 Rxf3 22. Ng5 Bxg5 23. Bxd7 Bxd2 24. Bxc6 Bxc6 25. Rxd2 Rhf7 26. Kb2 Kb7 27. Rg1 Bxd5 28. Rxd5 R7f6 29. e5 dxe5 30. Rxe5 R3f4 31. h5 gxh5 32.
Rxh5 Rf2 33. Rc5 Kb6 34. b4 R2f4 35. Kb3 Rf3+ 36. c3 Rf2 37. Rg8 Rh2 38. a4 bxa4+ 39.
Kxa4 Rh3 40. Rb8+ Ka7 41. Rbc8 Kb6 42. Ra8 Rff3 43. Rb8+ Ka7 44. Rbc8 Rf6 45. Ka5 Rh1 46. R5c7# 1-0

[Event "*** Titled Tuesday Blitz"]
[Site "Chess.com"]
[Date "2018.08.07"]
[Round "4"]
[White "dinesh501"]
[Black "m3alam"]
[Result "0-1"]
[WhiteElo "2293"]
[BlackElo "2185"]
[TimeControl "180+2"]
[EndTime "13:47:42 PDT"]
[Termination "m3alam won on time"]

1. e4 c6 2. d4 d5 3. e5 Bf5 4.
Nf3 e6 5. Be2 Ne7 6. O-O h6 7.
Nbd2 Nd7 8. Nb3 g5 9. Bd2 a5 10. a4 Bg7 11. Rc1 O-O 12. h3 Qc7 13. Qe1 c5 14.
dxc5 Nxc5 15. Bxa5 b6 16. Bb4 Rxa4 17. Bb5 Ra2 18. Nbd4 Be4 19. b3 Ng6 20. Nd2 Bxe5 21.
Nxe4 Nxe4 22. Bxf8 Bxd4 23. Bb4 Nh4 24. Kh1 Qf4 25.
Qe2 Bxf2 26. Rxf2 Nxf2+ 27. Kg1 Nxh3+ 28. gxh3 Qxc1+ 0-1

[Event "*** Titled Tuesday Blitz"]
[Site "Chess.com"]
[Date "2018.08.07"]
[Round "4"]
[White "NormWeinstein"]
[Black "juniortay"]
[Result "0-1"]
[WhiteElo "2389"]
[BlackElo "2417"]
[TimeControl "180+2"]
[EndTime "13:47:46 PDT"]
[Termination "juniortay won by resignation"]

1. e4 e5 2. Nf3 Nf6 3. Nc3 Nc6 4. g3 Nxe4 5. Nxe4 d5 6. Nc3 d4 7. Bg2 dxc3 8. bxc3 Bd6 9. O-O O-O 10. d3 Bg4 11. h3 Bh5 12. Rb1 Rb8 13. g4 Bg6 14. Nd2 f5 15. gxf5 Bxf5 16. Ne4 h6 17. Qf3 Qd7 18. Qg3 Kh8 19. Be3 b6 20. Qh4 Ne7 21. Kh1 Ng6 22. Qh5 Nf4 23. Bxf4 exf4 24. Rbe1 Rbe8 25.
Nxd6 cxd6 26. Qf3 g5 27. Kh2 Rg8 28. Qd5 Ref8 29. Qd4+ Kh7 30. Be4 Rg7 31. Bxf5+ Rxf5 32. Re2 f3 33. Re4 d5 34. Re3 Qd6+ 35. Kh1 g4 36.
hxg4 Qg6 37. Rg1 Rh5+ 0-1

[Event "*** Titled Tuesday Blitz"]
[Site "Chess.com"]
[Date "2018.08.07"]
[Round "4"]
[White "Nyzhnyk_Illia"]
[Black "maciek_92"]
[Result "1-0"]
[WhiteElo "2752"]
[BlackElo "2715"]
[TimeControl "180+2"]
[EndTime "13:47:47 PDT"]
[Termination "Nyzhnyk_Illia won by checkmate"]

1. d4 Nf6 2. Nf3 e6 3. Bf4 b6 4. e3 Bb7 5. Nbd2 Be7 6. Bd3 c5 7.
c3 O-O 8. O-O Nc6 9. Qe2 Nh5 10. Be5 d6 11. Bg3 Nxg3 12. hxg3 d5 13. Ne5 cxd4 14. exd4 Nxe5 15. Qxe5 Bd6 16. Qe3 Qf6 17.
f4 a5 18. g4 Ba6 19. g5 Qd8 20. Bxa6 Rxa6 21. g3 Re8 22. Kg2 h5 23. Qe2 Ra7 24. Qxh5 g6 25. Qh4 Bf8 26. Rh1 Bg7 27. Nf3 b5 28. Ne5 Rc7 29. Ng4 b4 30. Nf6+ Kf8 31.
Nxe8 Qxe8 32. Rac1 Qa4 33. cxb4 Rxc1 34. Rxc1 Qxb4 35. Kh3 Qxb2 36. Rc8+ Ke7 37. Qg4 Kd7 38. Ra8 Bxd4 39. Qd1 Bb6 40. Qa4+ Kc7 41. Qe8 Qf2 42. Rc8+ Kb7 43. Qc6+ Ka6 44. Ra8# 1-0

[Event "*** Titled Tuesday Blitz"]
[Site "Chess.com"]
[Date "2018.08.07"]
[Round "4"]
[White "Aikiigm"]
[Black "Zhuu96"]
[Result "0-1"]
[WhiteElo "2508"]
[BlackElo "2830"]
[TimeControl "180+2"]
[EndTime "13:47:56 PDT"]
[Termination "Zhuu96 won by checkmate"]

1. c4 Nf6 2. Nf3 e6 3. g3 d5 4. Bg2 Be7 5. O-O O-O 6. b3 c5 7.
Bb2 d4 8. e3 Nc6 9. exd4 cxd4 10.
d3 e5 11. Re1 Nd7 12. Na3 f6 13. Nc2 a5 14. Na3 Nc5 15. Nc2 Bf5 16. Bf1 Qd7 17. Nh4 Bg4 18. Qd2 g5 19. Ng2 Bf3 20.
Rab1 Qf5 21. Bc1 h5 22. a3 h4 23. b4 axb4 24. axb4 Ne6 25. b5 Ncd8 26. Re2 hxg3 27. fxg3 Bxe2 28. Bxe2 g4 29. Nh4 Qh5 30. Qh6 Qxh6 31.
Bxh6 Rf7 32. Bxg4 Nc5 33. Ne1 e4 34. dxe4 Nxe4 35. Nd3 Ra3 36. Nf4 d3 37. Bf5 Bc5+ 38. Kg2 Ra2+ 39. Kf3 Nd2+ 40. Kg4 Nxb1 41. Bxd3 Nd2 42.
Nd5 Ra4 43. Bxd2 Ne6 44. Nf5 Kf8 45. Nh6 Rg7+ 46. Kf5 Ra2 47. Kxe6 Rxd2 48. Bf5 Re2+ 49. Kxf6 Bd4# 0-1

[Event "*** Titled Tuesday Blitz"]
[Site "Chess.com"]
[Date "2018.08.07"]
[Round "4"]
[White "krzyzan94"]
[Black "BillieKimbah"]
[Result "1-0"]
[WhiteElo "2652"]
[BlackElo "2809"]
[TimeControl "180+2"]
[EndTime "13:48:03 PDT"]
[Termination "krzyzan94 won by resignation"]

1. Nf3 d5 2. g3 Nf6 3. Bg2 Nbd7 4. c4 dxc4 5. Qa4 a6 6. Qxc4 b5 7. Qb3 Nc5 8. Qc2 e6 9. Ne5 Nd5 10. d4 Nd7 11. Bxd5 exd5 12. Qc6 Rb8 13. Qxd5 Nxe5 14.
Qxd8+ Kxd8 15. dxe5 Bb7 16. O-O Bb4 17. Bd2 Bxd2 18. Nxd2 Ke7 19. Nb3 Rhd8 20. Rfd1 Rd5 21.
Rxd5 Bxd5 22. Nc5 a5 23. e4 Bc4 24. Rd1 Bxa2 25. Rd7+ Ke8 26. Rxc7 a4 27. f4 Rd8 28. f5 Rd1+ 29. Kf2 Rd2+ 30. Ke3 Rxb2 31. Nb7 a3 32. f6 gxf6 33. exf6 Be6 34. Re7+ Kf8 35.
Nd6 1-0

[Event "*** Titled Tuesday Blitz"]
[Site "Chess.com"]
[Date "2018.08.07"]
[Round "4"]
[White "FMchesstrainer"]
[Black "Mr_Penings"]
[Result "0-1"]
[WhiteElo "2323"]
[BlackElo "2489"]
[TimeControl "180+2"]
[EndTime "13:48:03 PDT"]
[Termination "Mr_Penings won by resignation"]

1. d4 Nf6 2. Bg5 e6 3. Nd2 h6 4. Bh4 c5 5. e3 b6 6. Ngf3 Bb7 7.
Bd3 Be7 8. c3 d6 9. Qe2 cxd4 10.
exd4 O-O 11. Bxf6 Bxf6 12. O-O-O Nc6 13. g4 Rc8 14. Kb1 e5 15. h4 exd4 16. g5 Re8 17. Qf1 Be5 18. gxh6 gxh6 19. Qg2+ Kh8 20. Nxe5 Nxe5 21. Qxb7 Nxd3 22. Rhg1 Qe7 23. Qf3 Nxb2 24. Qf4 Qe6 25. Qxd4+ f6 26. Kxb2 Rc5 27. Nb3 Re5 28. Rd2 a5 29. Qf4 Kh7 30. Nd4 Qf7 31. a4 b5 32. axb5 a4 33. Ra1 Rxb5+ 34. Nxb5 Qb3+ 35. Kc1 Re1+ 0-1

[Event "*** Titled Tuesday Blitz"]
[Site "Chess.com"]
[Date "2018.08.07"]
[Round "4"]
[White "LittlePeasant"]
[Black "Alopekos"]
[Result "1-0"]
[WhiteElo "2777"]
[BlackElo "2474"]
[TimeControl "180+2"]
[EndTime "13:48:11 PDT"]
[Termination "LittlePeasant won by resignation"]

1. Nf3 Nf6 2. c4 e6 3. g3 d5 4. Bg2 Be7 5. b3 a5 6. Nc3 d4 7. Nb5 Nc6 8. O-O e5 9. e3 O-O 10. Bb2 Bc5 11. exd4 exd4 12. d3 Re8 13. Re1 Rxe1+ 14.
Qxe1 Nb4 15. Qd2 Bg4 16. a3 Nc6 17. Re1 Qd7 18. Ne5 Nxe5 19. Rxe5 Bb6 20. Bxb7 Re8 21.
Rxe8+ Qxe8 22. Bxd4 Bxd4 23. Nxd4 c5 24. Nb5 Qe5 25.
Qe3 Qa1+ 26. Kg2 h5 27. h3 Bxh3+ 28. Kxh3 Ng4 29. Qe8+ Kh7 30. Kg2 Qf6 31. Qe4+ g6 32. Qf3 Qe7 33. Bd5 Kg7 34. d4 cxd4 35. Nxd4 Nf6 36.
Ne2 Qxa3 37. Qc3 Qc5 38. Nf4 h4 39. gxh4 1-0

[Event "*** Titled Tuesday Blitz"]
[Site "Chess.com"]
[Date "2018.08.07"]
[Round "4"]
[White "BillForster"]
[Black "JoakimVonAnd"]
[Result "0-1"]
[WhiteElo "1634"]
[BlackElo "2390"]
[TimeControl "180+2"]
[EndTime "13:48:11 PDT"]
[Termination "JoakimVonAnd won by resignation"]

1. d4 Nf6 2. c4 e6 3. Nc3 Bb4 4. Qc2 O-O 5. e4 d5 6. e5 Ne4 7. Bd3 c5 8. Ne2 cxd4 9. Nxd4 Nd7 10. Bxe4 dxe4 11. Qxe4 Qa5 12. Bd2 Qxe5 13. O-O Bxc3 14. Qxe5 Nxe5 15. Bxc3 Nxc4 16. Rac1 Bd7 17. Nf3 f6 18.
Rfd1 Nb6 19. Ba5 Nd5 20. Be1 Rac8 21. Nd4 Rxc1 22. Rxc1 e5 23. Nb3 Nf4 24. Rc2 Bc6 25. g3 Nh3+ 26. Kf1 Ng5 27. Ke2 Rd8 28. Ke3 Nf3 29. Bc3 Nxh2 30. Nc5 Ng4+ 31. Ke2 Bb5+ 32. Ke1 b6 33. Ne6 Rd6 34. Nc7 Bd3 35. Rd2 Nh2 36. Nb5 Nf3+ 37. Kd1 Rd7 38. Na3 Nxd2 39. Kxd2 Bb1+ 0-1

[Event "*** Titled Tuesday Blitz"]
[Site "Chess.com"]
[Date "2018.08.07"]
[Round "4"]
[White "Morshynska"]
[Black "guillembaches"]
[Result "0-1"]
[WhiteElo "2125"]
[BlackElo "2244"]
[TimeControl "180+2"]
[EndTime "13:48:12 PDT"]
[Termination "guillembaches won by resignation"]

1. d4 Nf6 2. c4 e6 3. Nf3 d5 4. g3 Bb4+ 5. Bd2 Be7 6. Bg2 O-O 7. O-O c6 8. Qc2 b6 9. Ne5 Ba6 10. Be3 Nfd7 11. Nxd7 Nxd7 12. Nd2 Rc8 13. Rac1 c5 14. Qa4 Bb7 15. cxd5 exd5 16. Qxa7 Bc6 17. Qa6 Ra8 18. Qd3 Rxa2 19. dxc5 Nxc5 20. Qb1 d4 21. Qxa2 dxe3 22.
Nf3 exf2+ 23. Kh1 Bb5 24. b4 Ne4 25. Qc2 f5 26. Rcd1 Qe8 27. Nd4 Nxg3+ 28. hxg3 Qh5+ 0-1

[Event "*** Titled Tuesday Blitz"]
[Site "Chess.com"]
[Date "2018.08.07"]
[Round "4"]
[White "eljanov"]
[Black "MITerryble"]
[Result "1-0"]
[WhiteElo "2686"]
[BlackElo "2759"]
[TimeControl "180+2"]
[EndTime "13:48:14 PDT"]
[Termination "eljanov won by resignation"]

1. d4 e6 2. c4 Bb4+ 3. Nd2 Nf6 4. a3 Be7 5. e4 d6 6. Bd3 O-O 7. Nb1 e5 8. d5 a5 9. Nc3 Na6 10. Nge2 Nc5 11. Bc2 a4 12. Be3 Bd7 13. h3 Ra6 14.
g4 Qa8 15. Ng3 g6 16. Rg1 Rd8 17. g5 Ne8 18. h4 Rb6 19. Rb1 Qa5 20. Bd2 Qa6 21.
Qe2 Nb3 22. Bxb3 Rxb3 23. h5 b5 24. Rh1 b4 25. axb4 Rxb4 26. Nd1 Rb3 27. Rc1 a3 28. bxa3 Qxa3 29. Kf1 Rxg3 30. fxg3 Qxg3 31. Nf2 Bxg5 32. Rc3 Qxc3 33. Bxc3 Nf6 34. Bd2 Bf4 35. Bxf4 exf4 36. e5 Re8 37. exf6 Rxe2 38. Kxe2 g5 39. h6 g4 40. Rg1 g3 41. Nd3 Bg4+ 42. Kd2 g2 43. Rxg2 1-0

[Event "*** Titled Tuesday Blitz"]
[Site "Chess.com"]
[Date "2018.08.07"]
[Round "4"]
[White "nOcHeaTiNgKiD"]
[Black "vpantev"]
[Result "1/2-1/2"]
[WhiteElo "2394"]
[BlackElo "2521"]
[TimeControl "180+2"]
[EndTime "13:48:14 PDT"]
[Termination "Game drawn by repetition"]

1. Nf3 Nf6 2. c4 e6 3. g3 b6 4.
Bg2 Bb7 5. O-O Be7 6. Nc3 O-O 7.
d4 Ne4 8. Bd2 Nxc3 9. Bxc3 d6 10.
Qc2 f5 11. d5 e5 12. e4 f4 13. gxf4 Rxf4 14. Ne1 Bg5 15. Nd3 Rf8 16. Bd2 Nd7 17. Qc1 Bxd2 18. Qxd2 Nc5 19. Nxc5 bxc5 20. f4 exf4 21.
Rxf4 Rxf4 22. Qxf4 Qe7 23. Rf1 Rf8 24. Qxf8+ Qxf8 25. Rxf8+ Kxf8 26. Bh3 Ke7 27. Kf2 Kf6 28. Ke3 Ke5 29. Bd7 a5 30. b3 g5 31. h3 h6 32. a3 Ba6 33. a4 Bb7 34. Bf5 c6 35.
Bd7 cxd5 36. exd5 h5 37. Be6 Kf6 38. Bd7 Ke7 39. Be6 Kf6 40. Bd7 Ba6 41. Be6 Ke7 42.
Ke4 Kf6 43. Bd7 Bb7 44. Be6 Kg6 45. Bf5+ Kf6 46. Be6 Ba6 47. Bd7 Ke7 48. Be6 Kf6 49.
Bd7 Bb7 50. Be6 Kg6 51. Bf5+ Kg7 52. Be6 Kf6 53. Bd7 Ke7 54. Be6 Kf6 55. Bd7 Ke7 56.
Be6 Kf6 57. Bd7 1/2-1/2

[Event "*** Titled Tuesday Blitz"]
[Site "Chess.com"]
[Date "2018.08.07"]
[Round "4"]
[White "wonderfultime"]
[Black "DoctorSocrates"]
[Result "1-0"]
[WhiteElo "2846"]
[BlackElo "2541"]
[TimeControl "180+2"]
[EndTime "13:48:16 PDT"]
[Termination "wonderfultime won by resignation"]

1. d4 g6 2. Nf3 Bg7 3. Bg5 d6 4. Nbd2 f6 5. Bh4 e5 6. dxe5 dxe5 7. e4 Be6 8. Bc4 Qd7 9. Qe2 Bxc4 10. Nxc4 Nh6 11.
Rd1 Qe6 12. O-O O-O 13. Rd2 Nf7 14. Rfd1 Nc6 15. Ne3 Bh6 16. b3 Rfd8 17. Rxd8+ Rxd8 18. Nd5 Bg7 19. Nxc7 Rxd1+ 20. Qxd1 Qc8 21. Nd5 g5 22. Bg3 Qe6 23. h3 Bf8 24. Nh2 Bc5 25. Ng4 Be7 26. c3 Kg7 27. Nge3 Nd6 28. Qf3 Bd8 29. h4 h6 30. h5 Ne7 31. Nxe7 Bxe7 32. c4 Bd8 33. c5 Nb5 34. Nf5+ Kh7 35. Qd3 Bc7 36. Qxb5 1-0

[Event "*** Titled Tuesday Blitz"]
[Site "Chess.com"]
[Date "2018.08.07"]
[Round "4"]
[White "AdrianaNikolova"]
[Black "MaxLeto"]
[Result "0-1"]
[WhiteElo "2409"]
[BlackElo "2402"]
[TimeControl "180+2"]
[EndTime "13:48:20 PDT"]
[Termination "MaxLeto won by checkmate"]

1. e4 c5 2. Nf3 d6 3. d4 cxd4 4. Nxd4 Nf6 5. Nc3 a6 6. Bg5 Nbd7 7. Bc4 Qc7 8. Bb3 e6 9. Qd2 Nc5 10. f3 Be7 11. O-O-O b5 12. Rhe1 O-O 13. g4 Bd7 14. Bxf6 Bxf6 15. g5 Be7 16. f4 b4 17. Nb1 a5 18. f5 Rfc8 19. Qg2 Nxb3+ 20. axb3 a4 21. f6 Bf8 22. bxa4 Rxa4 23. Re2 Ra2 24. h4 Ba4 25. Rdd2 Qc4 26. Qf2 Ra1 27. b3 Bxb3 28. Qe3 Ba2 29. Rd3 Rxb1+ 30. Kd2 e5 31. fxg7 Bxg7 32. Rc3 bxc3+ 33.
Qxc3 Qxc3# 0-1

[Event "*** Titled Tuesday Blitz"]
[Site "Chess.com"]
[Date "2018.08.07"]
[Round "4"]
[White "JozefKneht"]
[Black "oskariot"]
[Result "1-0"]
[WhiteElo "2334"]
[BlackElo "2464"]
[TimeControl "180+2"]
[EndTime "13:48:21 PDT"]
[Termination "JozefKneht won on time"]

1. d4 g6 2. e4 Bg7 3. Nc3 d6 4. f4 Nf6 5. Nf3 c5 6. d5 O-O 7. Be2 e6 8. O-O exd5 9. e5 dxe5 10. fxe5 Ng4 11. Bg5 f6 12. exf6 Bxf6 13. Qxd5+ Kh8 14. Bxf6+ Nxf6 15. Qxc5 Nc6 16. Rad1 Qe7 17. Qxe7 Nxe7 18. Bc4 Nf5 19. Rfe1 Bd7 20. Ne4 Bc6 21. Nxf6 Bxf3 22. Nxh7 Bxd1 23. Nxf8 Rxf8 24. Rxd1 Ne3 25. Rd4 Nxc2 26.
Rd7 Ne3 27. Bd3 Nd1 28. Bxg6 Nxb2 29. Rxb7 Na4 30. Rxa7 Nc3 31. h4 Rf4 32. g3 Rg4 33. h5 Rxg3+ 34. Kf2 Rh3 35. a4 Nd5 36. a5 Nf4 37. a6 Nxg6 38. hxg6 Ra3 39. Rh7+ Kg8 40. a7 Ra2+ 41. Ke3 Ra6 42. Rb7 1-0

[Event "*** Titled Tuesday Blitz"]
[Site "Chess.com"]
[Date "2018.08.07"]
[Round "4"]
[White "timator"]
[Black "Cryptochess"]
[Result "0-1"]
[WhiteElo "2381"]
[BlackElo "2507"]
[TimeControl "180+2"]
[EndTime "13:48:21 PDT"]
[Termination "Cryptochess won by resignation"]

1. Nf3 Nf6 2. g3 e6 3. Bg2 d5 4. O-O Be7 5. d4 O-O 6. c4 dxc4 7. Qc2 b6 8. Qxc4 Ba6 9. Qc2 Bb7 10. Nc3 Nbd7 11. Bf4 c5 12. Rad1 Rc8 13. dxc5 Rxc5 14.
Rd2 Nd5 15. Rfd1 Qa8 16. Qa4 Nxc3 17. bxc3 Nf6 18. Qb3 Rfc8 19. Be5 Rxe5 20. Nxe5 Bxg2 21. f3 Bh3 22. Kf2 Nd5 23. c4 Bc5+ 24. Ke1 Ne3 25. Rd7 Nxd1 26. Qxd1 Rf8 27. g4 Qe8 28. Qd3 f6 29. Nc6 Qg6 30. Qxg6 hxg6 31. Ne7+ Kh7 32. Nc6 a5 33. Nd4 Re8 34. e3 e5 35. Nc2 e4 36.
Kf2 exf3 37. Kxf3 Bf1 0-1

[Event "*** Titled Tuesday Blitz"]
[Site "Chess.com"]
[Date "2018.08.07"]
[Round "4"]
[White "Litti"]
[Black "BasilSmash"]
[Result "0-1"]
[WhiteElo "2468"]
[BlackElo "2464"]
[TimeControl "180+2"]
[EndTime "13:48:22 PDT"]
[Termination "BasilSmash won by checkmate"]

1. e4 c6 2. d4 d5 3. Nd2 dxe4 4.
Nxe4 Bf5 5. Ng3 Bg6 6. h4 h6 7.
Nh3 e6 8. Nf4 Bh7 9. Bc4 Nf6 10.
O-O Bd6 11. Re1 O-O 12. c3 Re8 13. Qf3 Nbd7 14. Bd2 Qc7 15. Rad1 e5 16. Nfh5 e4 17. Qe3 b5 18. Bb3 a5 19. a3 a4 20. Ba2 Nd5 21.
Qe2 f5 22. c4 bxc4 23. Bxc4 Nb6 24. Ba2 f4 25. Nxg7 Kxg7 26. Qg4+ Kh8 27. Nh5 Rg8 28.
Qe6 f3 29. Bxh6 Rxg2+ 30. Kf1 Rag8 31. Bg7+ R2xg7 32. Nxg7 Qxg7 33. Re3 Qg1# 0-1

[Event "*** Titled Tuesday Blitz"]
[Site "Chess.com"]
[Date "2018.08.07"]
[Round "4"]
[White "xberli"]
[Black "champ2005"]
[Result "1-0"]
[WhiteElo "2473"]
[BlackElo "2700"]
[TimeControl "180+2"]
[EndTime "13:48:23 PDT"]
[Termination "xberli won by resignation"]

1. e4 c6 2. d4 d5 3. e5 Bf5 4.
Nf3 e6 5. Be2 Ne7 6. O-O Ng6 7.
Be3 Nd7 8. Nbd2 f6 9. exf6 Qxf6 10. c4 Bd6 11. Qb3 Rb8 12. Rfe1 O-O 13. Bg5 Qf7 14. Nf1 h6 15. Bd2 Nf4 16. Ng3 Nxe2+ 17. Rxe2 Bg4 18. Re3 Nb6 19. cxd5 exd5 20. h3 Bxf3 21. Rxf3 Qg6 22. Rxf8+ Rxf8 23. Bb4 Bxb4 24. Qxb4 Re8 25. Re1 Rxe1+ 26. Qxe1 Qf7 27. b3 Nc8 28. Qe5 Qe7 29. Qb8 Qd7 30. Nf1 Kh7 31. Ne3 a6 32. Qe5 Nd6 33.
f3 Nb5 34. Kf2 Nd6 35. g4 a5 36. h4 Nb5 37. h5 a4 38. bxa4 Nc3 39. a5 Nxa2 40.
Nf5 Nb4 41. Qe2 Qc7 42. Kg2 Na6 43. Qe6 Nb4 44. Qg6+ Kh8 45. Qe8+ Kh7 46. Ne7 1-0